 Dungeon Sprint DCSS version 0.22.0-13-g43fe8f2 (webtiles) character file.

6300000 poirepourri the Dwarven Barricade (level 27, -56/298 HPs)
             Began as a Deep Dwarf Fighter on Aug 16, 2018.
             Was the Champion of Makhleb.
             Annihilated by The Servant
             ... wielding a +9 glaive of flaming
              (89 damage)
             ... in the Dungeon (Sprint VIII: "Arena of Blood").
             The game lasted 00:01:44 (63 turns).

poirepourri the Dwarven Barricade (DDFi)              Turns: 63, Time: 00:01:45

Health: -56/298    AC: 13    Str: 24    XL:     27
Magic:  27/54      EV: 32    Int:  9    God:    Makhleb [******]
Gold:   0          SH:  0    Dex: 21    Spells: 80/80 levels left

rFire    . . .     SeeInvis .   l - +∞ Axe of Woe
rCold    . . .     Gourm    .   (shield currently unavailable)
rNeg     + . .     Faith    .   b - +0 scale mail
rPois    .         Spirit   .   (no helmet)
rElec    .         Reflect  .   (no cloak)
rCorr    .         Harm     .   (no gloves)
MR       ++++.     NoTele   +   (no boots)
Stlth    +++++++++.             (no amulet)
HPRegen  0.00/turn              (no ring)
MPRegen  0.34/turn              (no ring)

@: non-regenerating
A: damage resistance, heal wounds, negative energy resistance 1, sense
surroundings 3, no regeneration
a: Heal Wounds, Minor Destruction, Lesser Servant of Makhleb, Major Destruction,
Greater Servant of Makhleb, Renounce Religion


You were in the Dungeon.
You worshipped Makhleb.
Makhleb was exalted by your worship.
You were not hungry.

You visited 1 branch

Inventory:

Hand Weapons
 a - a +0 war axe
 l - the +∞ Axe of Woe (weapon)
   (You found it in the Dungeon)
Armour
 b - a +0 scale mail (worn)
 c - a +0 shield
Scrolls
 k - a scroll of blinking
Potions
 d - a potion of might
 e - a potion of curing
 g - a potion of heal wounds
 h - a potion of haste
 i - 2 potions of magic
 j - a potion of berserk rage
Comestibles
 f - a ration


   Skills:
 O Level 27 Fighting
 O Level 27 Axes
 O Level 27 Throwing
 O Level 27 Armour
 O Level 27 Dodging
 O Level 27 Stealth
 O Level 27 Shields
 O Level 27 Unarmed Combat
 O Level 27 Spellcasting
 O Level 27 Invocations


You had 80 spell levels left.
You didn't know any spells.
Your spell library was empty.

Dungeon Overview and Level Annotations

Branches:
Dungeon (1/1)

Altars:
Makhleb

Annotations:
D The Servant


Innate Abilities, Weirdness & Mutations

You are resistant to damage.
You can heal yourself by infusing magical energy.
You resist negative energy. (rN+)
You passively map a large area around you.
You do not regenerate.


Message History

You hear a shout! x2
The dread appears out of thin air!
A dread comes into view.
The destroyer blinks!
Unknown command.
Unknown command.
Unknown command.
Unknown command.
Unknown command.
Unknown command.
You slash the large abomination!
You dissect the large abomination like a pig carcass.
You destroy the large abomination!
You hear a shout!
The tyrant mumbles some strange words.
The tyrant seems to speed up.
You hear a shout!
A tyrant comes into view.
The Servant hits you from afar with a +9 glaive of flaming!!!!
You die...

,* ,,, ,, , , , ,
.. ......., , , ,
*,, .., ....W , ,
, , #.,,....#, , ,
, , * #.. .V.# ,
L. , ** , .###..,
X.M###.W§ ,, ,
......###VM.Oo...,
, , *
,......)_))).LLX..
, , ,,
....#.§))@#..o. ,
* . #_)V)_#, .,,,
, , #.))@V#,, , ,
, ....§_..D.. , ,
, ,......###§.....
* * , ,,, .###..,
...###. , , , #..,
...#,, , , , #..
...#, , , *, , ..
, .. , , ,


You could see 2 accurseds, a tentacled monstrosity, 3 tyrants, The Servant, an
eight-headed meat hydra, 4 destroyers, a large abomination, 2 dreads, a meat
berserker (berserk) and a bag of meat.

Vanquished Creatures
  12 vampire knights (D)
  17 ogres (D)
  3 two-headed ogres (D)
  A hydra (D)
  20 orcs (D)
  2 skeletal warriors (D)
  4 large abominations (D)
  6 small abominations (D)
  A crawling corpse (D)
66 creatures vanquished.

Notes
Turn   | Place    | Note
-------+----------+-------------------------------------------
     0 | D        | Found the +∞ Axe of Woe
     0 | D        | poirepourri the Deep Dwarf Fighter began the quest for the Orb.
     0 | D        | Reached XP level 1. HP: 20/20 MP: 1/1
     1 | D        | Noticed a bag of meat
     2 | D        | Noticed a bag of meat
     3 | D        | Noticed a bag of meat
     4 | D        | Noticed a bag of meat
     9 | D        | Became a worshipper of Makhleb the Destroyer
    11 | D        | Killed a bag of meat
    11 | D        | Reached skill level 15 in Fighting
    11 | D        | Reached skill level 10 in Axes
    11 | D        | Reached XP level 2. HP: 52/52 MP: 2/2
    11 | D        | Reached XP level 3. HP: 60/60 MP: 3/3
    11 | D        | Reached XP level 4. HP: 68/68 MP: 4/4
    11 | D        | Reached XP level 5. HP: 75/75 MP: 5/5
    11 | D        | Reached XP level 6. HP: 84/84 MP: 6/6
    11 | D        | Reached XP level 7. HP: 91/91 MP: 7/7
    11 | D        | Reached XP level 8. HP: 99/99 MP: 8/8
    11 | D        | Gained mutation: You passively map the area around you. [Deep Dwarf growth]
    11 | D        | Reached XP level 9. HP: 106/106 MP: 9/9
    11 | D        | Reached XP level 10. HP: 115/115 MP: 10/10
    11 | D        | Reached XP level 11. HP: 122/122 MP: 11/11
    11 | D        | Noticed a meat berserker
    11 | D        | Noticed a meat berserker
    12 | D        | Killed a bag of meat
    12 | D        | Reached * piety under Makhleb
    12 | D        | Reached XP level 12. HP: 136/136 MP: 12/12
    12 | D        | Noticed a meat berserker
    12 | D        | Noticed a bag of meat
    13 | D        | Killed a bag of meat
    13 | D        | Reached XP level 13. HP: 148/148 MP: 13/13
    13 | D        | Noticed a bag of meat
    14 | D        | Killed a meat berserker
    14 | D        | Gained mutation: You resist negative energy. (rN+) [Deep Dwarf growth]
    14 | D        | Reached XP level 14. HP: 163/163 MP: 14/14
    14 | D        | Killed a meat berserker
    14 | D        | Reached ** piety under Makhleb
    14 | D        | Reached XP level 15. HP: 175/175 MP: 15/15
    15 | D        | Reached XP level 16. HP: 188/188 MP: 16/16
    15 | D        | Noticed a meat berserker
    16 | D        | Killed a meat berserker
    16 | D        | Reached *** piety under Makhleb
    16 | D        | Reached skill level 27 in Armour
    16 | D        | Reached skill level 27 in Shields
    16 | D        | Reached XP level 17. HP: 207/207 MP: 17/17
    17 | D        | Killed a meat berserker
    17 | D        | Reached skill level 27 in Fighting
    17 | D        | Reached skill level 27 in Axes
    21 | D        | Reached **** piety under Makhleb
    21 | D        | Reached skill level 10 in Invocations
    21 | D        | Noticed a destroyer
    22 | D        | Gained mutation: You passively map a large area around you. [Deep Dwarf growth]
    22 | D        | Reached XP level 18. HP: 218/218 MP: 17/30
    23 | D        | Noticed a large bag of meat
    24 | D        | Noticed a meat berserker
    25 | D        | Reached skill level 15 in Stealth
    25 | D        | Reached skill level 10 in Spellcasting
    26 | D        | Reached ***** piety under Makhleb
    26 | D        | Reached skill level 15 in Dodging
    28 | D        | Killed a destroyer
    28 | D        | Reached skill level 15 in Throwing
    28 | D        | Reached skill level 15 in Unarmed Combat
    28 | D        | Reached XP level 19. HP: 226/226 MP: 18/37
    29 | D        | Noticed an eight-headed meat hydra
    30 | D        | Killed a meat berserker
    30 | D        | Reached skill level 15 in Spellcasting
    30 | D        | Killed a nine-headed meat hydra
    30 | D        | Reached XP level 20. HP: 236/236 MP: 18/40
    30 | D        | Killed a large bag of meat
    30 | D        | Noticed a destroyer
    31 | D        | Noticed a meat berserker
    31 | D        | Noticed a large bag of meat
    31 | D        | Noticed a destroyer
    32 | D        | Noticed a meat berserker
    33 | D        | Noticed a meat berserker
    34 | D        | Killed a meat berserker
    34 | D        | Reached skill level 27 in Invocations
    34 | D        | Noticed The Servant
    35 | D        | Noticed a meat berserker
    35 | D        | Noticed a meat berserker
    36 | D        | Noticed a meat berserker
    36 | D        | Killed a destroyer
    36 | D        | Reached skill level 27 in Stealth
    36 | D        | Reached XP level 21. HP: 244/244 MP: 20/45
    36 | D        | Noticed a destroyer
    38 | D        | Killed a destroyer
    38 | D        | Reached skill level 27 in Dodging
    38 | D        | Reached skill level 27 in Throwing
    38 | D        | Reached skill level 27 in Unarmed Combat
    38 | D        | Reached XP level 22. HP: 254/254 MP: 20/51
    39 | D        | Reached skill level 27 in Spellcasting
    40 | D        | Noticed a destroyer
    40 | D        | Noticed a destroyer
    41 | D        | Killed a large bag of meat
    42 | D        | Reached XP level 23. HP: 262/262 MP: 21/54
    42 | D        | Reached ****** piety under Makhleb
    42 | D        | Noticed a destroyer
    42 | D        | Noticed a destroyer
    43 | D        | Noticed a large bag of meat
    44 | D        | Killed a destroyer
    44 | D        | Reached XP level 24. HP: 272/272 MP: 22/54
    44 | D        | Killed a destroyer
    45 | D        | Killed a destroyer
    46 | D        | Reached XP level 25. HP: 280/280 MP: 22/54
    47 | D        | Killed a destroyer
    48 | D        | Noticed a destroyer
    48 | D        | Noticed a destroyer
    49 | D        | Noticed a destroyer
    50 | D        | Reached XP level 26. HP: 290/290 MP: 23/54
    50 | D        | Noticed an accursed
    51 | D        | Killed a destroyer
    51 | D        | Noticed a destroyer
    54 | D        | Killed a destroyer
    54 | D        | Reached XP level 27. HP: 278/298 MP: 24/54
    54 | D        | Killed a destroyer
    54 | D        | Killed a large bag of meat
    55 | D        | Noticed an accursed
    56 | D        | Killed a destroyer
    56 | D        | Noticed a tyrant
    57 | D        | Noticed a destroyer
    57 | D        | HP: 13/298 [The Servant/+9 glaive of flaming (26)]
    58 | D        | Noticed a tyrant
    58 | D        | Noticed a destroyer
    59 | D        | Noticed a dread
    59 | D        | Noticed a destroyer
    59 | D        | Noticed a destroyer
    61 | D        | Killed a destroyer
    62 | D        | Noticed a dread
    63 | D        | Noticed a tyrant
    63 | D        | Annihilated by The Servant

Skill      XL: |  1  2  3  4  5  6  7  8  9 10 11 12 13 14 15 16 17 18 19 20 21 22 |
---------------+-------------------------------------------------------------------+-----
Fighting       | 15 17 18 20 22 23 26 27 | 27.0
Axes           | 10 12 13 16 18 20 24 27 | 27.0
Armour         | 17 19 20 23 25 26 27 | 27.0
Shields        | 16 19 20 23 24 26 27 | 27.0
Throwing       | 9 15 18 22 27 | 27.0
Dodging        | 11 18 21 25 27 | 27.0
Stealth        | 13 21 24 27 | 27.0
Unarmed Combat | 9 15 18 22 27 | 27.0
Spellcasting   | 8 14 16 20 25 27 | 27.0
Invocations    | 13 20 23 27 | 27.0

Action                   |  1- 3 |  4- 6 |  7- 9 | 10-12 | 13-15 | 16-18 | 19-21 | 22-24 | 25-27 || total
-------------------------+-------+-------+-------+-------+-------+-------+-------+-------+-------++-------
Melee: Executioner's axe |     1 |       |       |     2 |     2 |     7 |     4 |     6 |    15 ||    37
Invok: Greater Servant o |       |       |       |       |       |       |     2 |       |       ||     2
Armor: Scale mail        |       |       |       |       |       |       |     1 |     1 |       ||     2
Dodge: Dodged            |       |       |       |       |       |       |       |       |     1 ||     1
